 Dungeon Crawl Stone Soup version 0.19.1-1-g22dce08 (webtiles) character file.

2240 JeffiDaFish the Basher (level 9, -1/55 HPs)
             Began as a Gargoyle Fighter on Jan 6, 2017.
             Slain by a yak (6 damage)
             ... while paralysed
             ... on level 6 of the Dungeon on Jan 7, 2017.
             The game lasted 00:12:02 (5121 turns).

JeffiDaFish the Basher (Gargoyle Fighter)           Turns: 5121, Time: 00:12:03

Health: -1/55      AC: 22    Str: 21    XL:     9   Next: 36%
Magic:  9/9        EV:  2    Int:  8    God:
Gold:   251        SH:  0    Dex: 12    Spells: 0 memorised, 8 levels left

rFire  . . .     SeeInvis .     a - +2 flail
rCold  + . .     Gourm    +     n - +0 plate armour
rNeg   + . .     Faith    .     c - +0 shield
rPois  ∞         Spirit   .     g - +2 helmet
rElec  +         Reflect  .     t - +0 cloak
rCorr  .         Harm     .     (no gloves)
MR     .....                    (no boots)
Stlth  ..........               i - amulet of the gourmand
                                d - ring of protection from fire
                                e - ring of ice

@: paralysed, exhausted, slowed
A: negative energy resistance 1, electricity resistance, unbreathing,
petrification resistance, rot immunity, AC +5
a: no special abilities


You were on level 6 of the Dungeon.
You were completely stuffed.

You visited 1 branch of the dungeon, and saw 6 of its levels.

You collected 251 gold pieces.

Inventory:

Hand Weapons
 a - a +2 flail (weapon)
 s - the +6 dagger of Hiycud {pierce, Stlth+}
   (You found it on level 4 of the Dungeon)

   It inflicts extra damage upon your enemies.
   It makes you more stealthy.
Armour
 c - a +0 shield (worn)
 g - a +2 helmet (worn)
 n - a +0 plate armour (worn)
 t - a +0 cloak (worn)
Jewellery
 d - a ring of protection from fire (right hand)
 e - a ring of ice (left hand)
 i - an amulet of the gourmand (around neck)
Scrolls
 b - 2 scrolls of amnesia
 j - 4 scrolls of teleportation
 k - 2 scrolls of identify
 q - a scroll of fog
 v - a scroll of enchant weapon
 w - 2 scrolls of remove curse
Potions
 m - 2 potions of ambrosia
Comestibles
 f - 4 bread rations
 h - 2 beef jerkies
 o - 3 fruits
 p - 2 chunks of flesh
 u - a slice of pizza


   Skills:
 + Level 5.6 Fighting
 + Level 8.3 Maces & Flails
 + Level 5.7 Armour
 + Level 1.5 Dodging
 + Level 0.5 Stealth
 + Level 7.6 Shields


You had 8 spell levels left.
You didn't know any spells.

Dungeon Overview and Level Annotations

Branches:
Dungeon (6/15)
 Temple: D:4-7

Altars:
Cheibriados
Kikubaaqudgha


Innate Abilities, Weirdness & Mutations

You are resistant to torment.
Your stone body is resilient. (AC +5)
You are immune to poison.
You resist negative energy. (rN+)
You are resistant to electric shocks. (rElec)
You can survive without breathing.
You are immune to petrification.
You are immune to rotting.


Message History

* * * LOW HITPOINT WARNING * * *
Your shield and plate armour prevent you from hitting the yak.
The yak is severely wounded.
The yak barely misses you.
You thump the yak!
You kill the yak!
The yak gores you!
* * * LOW HITPOINT WARNING * * *
You hit the yak.
The yak is lightly wounded.
You block the yak's attack.
Your plate armour prevents you from hitting the yak.
The yak is lightly wounded.
You are no longer berserk.
You pass out from exhaustion.
You feel yourself slow down. The yak gores you.
* * * LOW HITPOINT WARNING * * *
The yak gores you.
You die...

.# .### #.. ...# #.#
...# #.# ...# #.# ..##
≈h♣ ..#### ♣Z♣ .....#
♣♣Y♣♣ <....# ♣≈@†♣
.....#####♣♣♣♣♣P.♣♣♣♣♣
..........♣♣≈♣.≈.≈PP≈♣
#########...≈≈≈≈≈≈≈≈≈≈..
##♣P♣.≈...♣♣≈♣P.
♣♣♣♣♣♣≈♣♣ ♣ ♣.≈♣ P≈♣♣


P.P You could see a yak, a hound and a quokka skeleton.

Vanquished Creatures
  Grinder (D:4)
  Prince Ribbit (D:5)
  5 yaks (D:6)
  Edmund (D:4)
  An ogre (D:2)
  A centaur (D:6)
  A vampire bat (D:3)
  A crimson imp (D:6)
  2 bullfrog zombies (D:5)
  A centaur zombie (D:5)
  A hound (D:6)
  3 orc priests (D:5)
  3 orc wizards (D:5)
  Jessica (D:2)
  Natasha (thrice) (D:2)
  3 worker ants
  Robin (D:2)
  A worker ant zombie (D:5)
  4 gnolls (D:6)
  5 adders
  An ooze (D:1)
  3 dart slugs
  3 fire bats (D:3)
  7 leopard geckos
  9 orcs
  2 spectral bats (D:3)
  3 bat skeletons (D:3)
  A bat zombie (D:3)
  4 giant cockroaches (D:2)
  12 goblins
  7 hobgoblins
  3 jackals (D:4)
  2 quokkas
  3 ball pythons
  16 bats
  A bat simulacrum (D:3)
  5 frilled lizards
  7 kobolds
  7 rats
136 creatures vanquished.

Vanquished Creatures (others)
  2 plants (D:6)
2 creatures vanquished.

Grand Total: 138 creatures vanquished

Notes
Turn   | Place    | Note
-------+----------+-------------------------------------------
     0 | D:1      | JeffiDaFish the Gargoyle Fighter began the quest for the Orb.
     0 | D:1      | Reached XP level 1. HP: 14/14 MP: 1/1
    50 | D:1      | Reached XP level 2. HP: 19/19 MP: 2/2
   514 | D:2      | Reached XP level 3. HP: 23/23 MP: 3/3
   547 | D:2      | Noticed Jessica
   549 | D:2      | Noticed Natasha
   549 | D:2      | Killed Jessica
   557 | D:2      | HP: 1/24 [Natasha/magic dart (2)]
   558 | D:2      | Killed Natasha
   558 | D:2      | Reached skill level 3 in Maces & Flails
   558 | D:2      | Reached XP level 4. HP: 1/29 MP: 4/4
   878 | D:2      | Found a snail-covered altar of Cheibriados.
   881 | D:2      | Found an ancient bone altar of Kikubaaqudgha.
   912 | D:2      | Noticed Robin
   937 | D:2      | Noticed Natasha
   967 | D:2      | Killed Robin
   967 | D:2      | Reached XP level 5. HP: 22/33 MP: 5/5
   973 | D:2      | Killed Natasha
  1229 | D:2      | Gained mutation: Your spells are a little easier to cast, but a little less powerful. [potion of mutation]
  1229 | D:2      | Gained mutation: You are agile. (Dex +2) [potion of mutation]
  1229 | D:2      | Gained mutation: You tend to lose your temper in combat. [potion of mutation]
  1307 | D:2      | Lost mutation: You tend to lose your temper in combat. [potion of cure mutation]
  1307 | D:2      | Lost mutation: You are agile. (Dex +2) [potion of cure mutation]
  1307 | D:2      | Lost mutation: Your spells are a little easier to cast, but a little less powerful. [potion of cure mutation]
  1564 | D:2      | Noticed Natasha
  1568 | D:2      | Noticed an ogre
  1570 | D:2      | Killed Natasha
  2177 | D:2      | Killed an ogre
  2177 | D:2      | Reached skill level 4 in Maces & Flails
  2177 | D:2      | Reached skill level 1 in Dodging
  2177 | D:2      | Reached XP level 6. HP: 18/38 MP: 6/6
  2736 | D:3      | Reached skill level 5 in Shields
  3160 | D:4      | Noticed Grinder
  3183 | D:4      | Killed Grinder
  3183 | D:4      | Reached skill level 5 in Maces & Flails
  3183 | D:4      | Reached XP level 7. HP: 24/43 MP: 7/7
  3446 | D:4      | Noticed Edmund
  3469 | D:4      | Killed Edmund
  3629 | D:4      | Got a bone dagger
  3630 | D:4      | Identified the +6 dagger of Hiycud {pierce, Stlth+} (You found it on level 4 of the Dungeon)
  4040 | D:5      | Entered Level 5 of the Dungeon
  4083 | D:5      | Reached XP level 8. HP: 12/48 MP: 8/8
  4357 | D:5      | Noticed Prince Ribbit
  4362 | D:5      | Reached skill level 6 in Maces & Flails
  4689 | D:5      | Killed Prince Ribbit
  4689 | D:5      | Reached skill level 5 in Armour
  4941 | D:6      | Reached skill level 7 in Maces & Flails
  4989 | D:6      | Reached skill level 5 in Fighting
  5065 | D:6      | Noticed a yak
  5066 | D:6      | Noticed a yak
  5067 | D:6      | Noticed a yak
  5067 | D:6      | Noticed a yak
  5069 | D:6      | Noticed a yak
  5070 | D:6      | Noticed a yak
  5076 | D:6      | Killed a yak
  5076 | D:6      | Reached XP level 9. HP: 45/54 MP: 9/9
  5113 | D:6      | Reached skill level 8 in Maces & Flails
  5121 | D:6      | Slain by a yak

Skill      XL: |  1  2  3  4  5  6  7  8  9 |
---------------+----------------------------+-----
Maces & Flails | 3 4 5 7 8 |  8.3
Shields        | 4 5 6 7 |  7.6
Armour         | 4 5 |  5.7
Dodging        | 1 |  1.5
Fighting       | 4 5 |  5.6
Stealth        | |  0.5

Action                   |  1- 3 |  4- 6 |  7- 9 || total
-------------------------+-------+-------+-------++-------
Melee: Flail             |    85 |   257 |   241 ||   583
  Use: Scroll            |     6 |     5 |     1 ||    12
       Potion            |     3 |     7 |     4 ||    14
  Eat: Chunk             |    11 |    13 |     7 ||    31
Armor: Scale mail        |    41 |   193 |       ||   234
       Plate armour      |       |     2 |   174 ||   176
Dodge: Dodged            |    24 |   120 |    48 ||   192
Block: Shield            |    45 |   185 |   148 ||   378
